 Dungeon Crawl Stone Soup version 0.20.1-1-g8b1a95d (webtiles) character file.

20729 Nidhoragg the Peltast (level 12, -2/101 HPs)
             Began as a Minotaur Fighter on Oct 15, 2017.
             Was a Priest of Ashenzari.
             Slain by Snorg (12 damage)
             ... on level 4 of the Lair of Beasts on Oct 17, 2017.
             The game lasted 01:13:41 (13271 turns).

Nidhoragg the Peltast (Minotaur Fighter)           Turns: 13271, Time: 01:13:41

Health: -2/101     AC: 14    Str: 25    XL:     12   Next: 47%
Magic:  11/11      EV: 13    Int:  5    God:    Ashenzari [***...]
Gold:   463        SH: 23    Dex: 11    Spells: 11/11 levels left

rFire    . . .     SeeInvis +   a - +3 war axe
rCold    . . .     Gourm    .   h - +2 large shield (curse)
rNeg     . . .     Faith    +   b - +1 scale mail
rPois    .         Spirit   .   (helmet restricted)
rElec    .         Reflect  .   (no cloak)
rCorr    .         Harm     .   m - +1 pair of gloves (curse)
MR       ++++.                  w - +0 pair of boots
Stlth    ..........             G - amulet "Omozer" {Faith +Inv MR++}
Regen    0.3/turn               Z - ring of protection from magic
MPRegen  0.2/turn               q - ring of protection from magic

@: no status effects
A: retaliatory headbutt, horns 2
a: Curse Item, Scrying, Renounce Religion, Evoke Invisibility


You were on level 4 of the Lair of Beasts.
You worshipped Ashenzari.
Ashenzari was most pleased with you.
You were not hungry.

You visited 3 branches of the dungeon, and saw 15 of its levels.
You also visited: Labyrinth.

You collected 463 gold pieces.

Inventory:

Hand Weapons
 a - a +3 war axe (weapon)
 r - a +1 flail of protection
 L - a +1 flail of crushing
Armour
 b - a +1 scale mail (worn)
 h - a cursed +2 large shield (worn)
 m - a cursed +1 pair of gloves (worn)
 w - a +0 pair of boots (worn)
Jewellery
 c - a +1 ring of evasion
 i - an uncursed ring of protection from fire
 q - a ring of protection from magic (right hand)
 G - the amulet "Omozer" (around neck) {Faith +Inv MR++}
   (You found it in a labyrinth)

   [amulet of faith]

   It allows you to gain divine favour quickly.
   It affects your resistance to hostile enchantments.
   It lets you turn invisible.
 H - an uncursed ring of protection from magic
 Z - a ring of protection from magic (left hand)
Wands
 e - a wand of confusion (33/48)
 u - a wand of polymorph (7/24)
 C - a wand of confusion (43/48)
 P - a wand of lightning (8/15)
 R - a wand of iceblast (0/15)
Scrolls
 d - 2 scrolls of identify
 n - a scroll of amnesia
 B - 2 scrolls of fog
 D - a scroll of teleportation
 O - 2 scrolls of remove curse
 S - 3 scrolls of recharging
Potions
 g - a potion of brilliance {unknown}
 j - 2 potions of agility
 k - 5 potions of curing
 l - a potion of magic {unknown}
 s - a potion of flight {unknown}
 t - 3 potions of haste
 z - a potion of might
 A - 3 potions of cancellation
 I - a potion of lignification {unknown}
 J - a potion of berserk rage {unknown}
 K - a potion of mutation {unknown}
 W - 2 potions of invisibility {unknown}
Comestibles
 f - a bread ration
 o - 11 royal jellies
 v - 5 meat rations
 F - 12 fruits


   Skills:
 + Level 8.0 Fighting
 + Level 11.9 Axes
 + Level 0.5(7.7) Maces & Flails
 * Level 11.0 Armour
 * Level 8.8 Dodging
 * Level 15.0(16.5) Shields
 - Level 0.8 Evocations


You had 11 spell levels left.
You didn't know any spells.

Dungeon Overview and Level Annotations

Branches:
Dungeon (10/15)            Temple (1/1) D:6            Lair (4/6) D:10
 Shoals (0/4) Lair:4
  Snake: Lair:2-4    Spider: Lair:2-4       Orc: D:9-12

Altars:
Ashenzari
Cheibriados
Dithmenos
Elyvilon
Fedhas
Gozag
Hepliaklqana
Kikubaaqudgha
Makhleb
Nemelex Xobeh
Okawaru
Qazlal
Ru
Sif Muna
Trog
Uskayaw
Vehumet
Xom
Yredelemnul
Zin
The Shining One
Lugonu

Shops:
D:4 [**[(   D:6 (

Portals:
Abyss: D:1

Annotations:
D:2 1 runed door
Lair:1 exclusion: 2 oklob plants
Lair:4 Snorg


Innate Abilities, Weirdness & Mutations

You reflexively headbutt those who attack you in melee.
You have a pair of horns on your head.


Message History

Your shield prevents you from hitting the porcupine.
The porcupine is almost dead.
You completely miss the manticore. You hit the rime drake.
You barely miss Snorg. You block the rime drake's attack.
You block Snorg's attack. x2; Snorg claws you!
The porcupine bites you.
* * * LOW HITPOINT WARNING * * *
The rime drake barely misses you. You furiously retaliate!
You headbutt the rime drake! You block the manticore's attack.
The manticore misses you. The manticore barely misses you.
You hit the porcupine.
You kill the porcupine!
Your base Shields skill increases to level 15!
You slash Snorg!
Your shield and scale mail prevent you from hitting the rime drake.
You barely miss the manticore. Snorg bites you!
* * * LOW HITPOINT WARNING * * *
Snorg claws you!
* * * LOW HITPOINT WARNING * * *
You block Snorg's attack. You block the rime drake's attack. Snorg bites you!
You die...

...................
,
...................
,
.........#P.##.####
.........####*## *
#........#
#........#
#......<.##
........kT#
#.......@.#
#......H†.# *
#........##
#........#
.....>....
#........#
........# .........
, ,


You could see Snorg (berserk), a manticore and a rime drake.

Vanquished Creatures
  A minotaur (Lab)
  A hydra (Lair:1)
  5 two-headed ogres
  A torpor snail (Lair:3)
  3 spiny frogs
  A kobold demonologist (D:9)
  3 komodo dragons
  The ghost of Turtleman12345 the Magician, a novice DEFE (D:5)
  2 trolls
  2 queen bees
  Grinder (D:4)
  9 blink frogs
  3 hippogriffs
  Sigmund (D:2)
  3 redbacks
  2 wyverns (D:9)
  2 hungry ghosts
  Eustachio (D:4)
  A basilisk (Lair:3)
  20 yaks
  Menkaure (D:4)
  4 water moccasins
  3 porcupines
  Duvessa (D:7)
  2 black bears
  An ice beast (D:6)
  A sky beast (D:3)
  2 phantoms
  4 ogres
  3 wolves (Lair:2)
  3 centaurs
  A crocodile (Lair:3)
  11 big kobolds
  5 bullfrogs
  A gnoll sergeant (D:6)
  Dowan (D:7)
  3 scorpions
  20 killer bees
  3 wights (D:8)
  A howler monkey (D:8)
  5 crimson imps
  A centaur zombie (D:5)
  4 hounds
  4 jellies
  A quasit (D:10)
  3 centaur skeletons
  Jessica (D:2)
  Terence (D:2)
  Natasha (thrice) (D:3)
  3 iguanas
  3 orc wizards (D:10)
  3 worker ants
  A killer bee zombie (D:9)
  2 hound zombies
  A hound skeleton (D:4)
  2 worker ant zombies
  16 adders
  11 gnolls
  3 shadow imps
  An ooze (D:3)
  2 worms
  3 dart slugs
  6 leopard geckos
  13 orcs
  8 giant cockroaches
  5 goblins
  8 hobgoblins
  2 jackals (D:9)
  21 kobolds
  4 quokkas
  A ball python (D:3)
  A ball python skeleton (D:5)
  5 bats
  4 frilled lizards
  A jackal skeleton (D:5)
  A leopard gecko skeleton (D:8)
  7 rats
  A fungus (Lair:2)
296 creatures vanquished.

Vanquished Creatures (others)
  A plant (Lair:1)
1 creature vanquished.

Grand Total: 297 creatures vanquished

Notes
Turn   | Place    | Note
-------+----------+-------------------------------------------
     0 | D:1      | Nidhoragg the Minotaur Fighter began the quest for the Orb.
     0 | D:1      | Reached XP level 1. HP: 19/19 MP: 0/0
    36 | D:1      | Found a corrupted altar of Lugonu.
    36 | D:1      | Found a one-way gate to the infinite horrors of the Abyss.
    36 | D:1      | Noticed a quasit
    36 | D:1      | Noticed a quasit
    36 | D:1      | Noticed a quasit
    36 | D:1      | Noticed a quasit
    36 | D:1      | Noticed a quasit
    36 | D:1      | Noticed an iron imp
    36 | D:1      | Noticed a quasit
    37 | D:1      | Noticed a quasit
    37 | D:1      | Noticed a demonic crawler
    41 | D:1      | Noticed an iron imp
   161 | D:1      | Reached XP level 2. HP: 27/27 MP: 1/1
   608 | D:2      | Noticed Sigmund
   617 | D:2      | Reached skill level 1 in Dodging
   617 | D:2      | Reached skill level 4 in Shields
   617 | D:2      | Reached XP level 3. HP: 33/33 MP: 2/2
   624 | D:2      | Killed Sigmund
   624 | D:2      | Reached skill level 5 in Armour
   624 | D:2      | Reached skill level 5 in Shields
   624 | D:2      | Reached XP level 4. HP: 34/40 MP: 3/3
   624 | D:2      | Reached XP level 5. HP: 39/46 MP: 4/4
   735 | D:2      | Noticed Jessica
   740 | D:2      | Killed Jessica
   757 | D:2      | Noticed Terence
   774 | D:2      | Killed Terence
   807 | D:2      | Reached XP level 6. HP: 49/53 MP: 5/5
  1035 | D:2      | Found a runed door.
  1083 | D:3      | Noticed a sky beast
  1102 | D:3      | Killed a sky beast
  1204 | D:3      | Found a bloodstained altar of Trog.
  1393 | D:3      | Noticed Natasha
  1400 | D:3      | Killed Natasha
  1400 | D:3      | Reached skill level 6 in Shields
  1542 | D:3      | Noticed Natasha
  1552 | D:3      | Killed Natasha
  1715 | D:3      | Noticed Natasha
  1722 | D:3      | Killed Natasha
  1759 | D:4      | Noticed Grinder
  1778 | D:4      | Killed Grinder
  1778 | D:4      | Reached XP level 7. HP: 27/60 MP: 6/6
  1874 | D:4      | Noticed Eustachio
  1948 | D:4      | Killed Eustachio
  1948 | D:4      | Reached skill level 5 in Axes
  1948 | D:4      | Reached skill level 7 in Shields
  2119 | D:4      | Found Yffebuj's Assorted Antiques.
  2159 | D:4      | Found a shadowy altar of Dithmenos.
  2160 | D:4      | Found a blossoming altar of Fedhas.
  2164 | D:4      | Found Xodoith's Armour Shop.
  2176 | D:4      | Found Mademu's Assorted Antiques.
  2220 | D:4      | Found a glowing golden altar of the Shining One.
  2295 | D:4      | Noticed Menkaure
  2305 | D:4      | Killed Menkaure
  2305 | D:4      | Reached skill level 5 in Fighting
  2305 | D:4      | Reached XP level 8. HP: 68/68 MP: 7/7
  2340 | D:4      | Found Falux's Antique Armour Shoppe.
  2567 | D:4      | Found a burning altar of Makhleb.
  2567 | D:4      | Noticed a green death
  2570 | D:4      | Noticed a smoke demon
  2570 | D:4      | Noticed a hellwing
  2589 | D:4      | Found Taunk's Antique Weapon Emporium.
  2821 | D:4      | Found a shimmering altar of Xom.
  2958 | D:4      | Found a snail-covered altar of Cheibriados.
  2982 | D:5      | Entered Level 5 of the Dungeon
  2987 | D:5      | Reached skill level 8 in Shields
  3319 | D:5      | Found a hazy altar of Hepliaklqana.
  3545 | D:5      | Found a sacrificial altar of Ru.
  3591 | D:5      | Noticed Turtleman12345's ghost (novice DEFE)
  3602 | D:5      | Killed Turtleman12345's ghost
  3882 | D:6      | Found Umuma's Weapon Shoppe.
  3995 | D:6      | Found a staircase to the Ecumenical Temple.
  4035 | D:6      | Reached skill level 9 in Shields
  4072 | Temple   | Entered the Ecumenical Temple
  4136 | Temple   | Became a worshipper of Ashenzari the Shackled
  4188 | D:6      | Reached XP level 9. HP: 74/74 MP: 8/8
  4783 | D:7      | Found an ancient bone altar of Kikubaaqudgha.
  4836 | D:7      | Noticed Dowan
  4843 | D:7      | Killed Dowan
  4863 | D:7      | Noticed Duvessa
  4876 | D:7      | Killed Duvessa
  5205 | D:7      | Found a sparkling altar of Nemelex Xobeh.
  5306 | D:7      | Found an iron altar of Okawaru.
  5316 | D:7      | Found a glowing silver altar of Zin.
  5591 | D:8      | Reached * piety under Ashenzari
  5633 | D:8      | Noticed a two-headed ogre
  5639 | D:8      | Killed a two-headed ogre
  5639 | D:8      | Reached skill level 5 in Dodging
  5639 | D:8      | Reached skill level 10 in Shields
  5880 | D:8      | Noticed a queen bee
  5906 | D:8      | Killed a queen bee
  5906 | D:8      | Reached XP level 10. HP: 24/83 MP: 9/9
  6053 | D:8      | Noticed a two-headed ogre
  6085 | D:8      | Killed a two-headed ogre
  6085 | D:8      | Reached skill level 11 in Shields
  6938 | D:9      | Noticed a rust devil
  7203 | D:9      | Reached skill level 12 in Shields
  7233 | D:9      | Noticed a two-headed ogre
  7310 | D:9      | Noticed a two-headed ogre
  7328 | D:9      | Killed a two-headed ogre
  7591 | D:9      | Reached XP level 11. HP: 63/91 MP: 10/10
  7757 | D:9      | Noticed a two-headed ogre
  7763 | D:9      | Killed a two-headed ogre
  8025 | D:9      | Reached skill level 10 in Axes
  8312 | D:10     | Entered Level 10 of the Dungeon
  8372 | D:10     | Reached skill level 13 in Shields
  8563 | D:10     | Reached skill level 10 in Armour
  8686 | D:10     | Found a staircase to the Lair.
  8691 | D:10     | Noticed a two-headed ogre
  8717 | D:10     | Killed a two-headed ogre
  9076 | Lair:1   | Entered Level 1 of the Lair of Beasts
  9087 | Lair:1   | Reached ** piety under Ashenzari
  9145 | Lair:1   | Noticed an oklob plant
  9145 | Lair:1   | Noticed an oklob plant
  9145 | Lair:1   | Noticed a five-headed hydra
  9164 | Lair:1   | Killed a five-headed hydra
  9764 | Lair:2   | Reached skill level 14 in Shields
 10053 | Lair:2   | Reached XP level 12. HP: 75/100 MP: 11/11
 10430 | Lair:3   | Found a labyrinth entrance.
 10439 | Lab      | Entered a labyrinth
 11683 | Lab      | Noticed a minotaur
 11700 | Lab      | Killed a minotaur
 11706 | Lab      | Identified the amulet "Omozer" {Faith +Inv MR++}
 12072 | Lair:3   | Reached *** piety under Ashenzari
 13220 | Lair:4   | Noticed Snorg
 13258 | Lair:4   | Found a staircase to the Shoals.
 13271 | Lair:4   | Reached skill level 15 in Shields
 13271 | Lair:4   | Slain by Snorg

Skill      XL: |  1  2  3  4  5  6  7  8  9 10 11 12 |
---------------+-------------------------------------+-----
Armour         | 4 5 6 7 8 9 10 11 | 11.0
Dodging        | 1 2 3 4 5 6 8 |  8.8
Shields        | 4 5 6 7 9 10 12 14 15 | 15.0
Fighting       | 4 5 6 7 8 |  8.0
Axes           | 3 4 5 7 8 9 11 | 11.9
Maces & Flails | |  0.5
Evocations     | |  0.8

Action                   |  1- 3 |  4- 6 |  7- 9 | 10-12 || total
-------------------------+-------+-------+-------+-------++-------
Melee: War axe           |    46 |   104 |   359 |   704 ||  1213
       Headbutt          |     6 |    15 |    71 |   138 ||   230
       Flail             |       |       |       |     9 ||     9
Invok: Curse Item        |       |       |     2 |       ||     2
Evoke: Wand              |       |       |     4 |     4 ||     8
  Use: Scroll            |     3 |     7 |     8 |    12 ||    30
       Potion            |     1 |       |     2 |     6 ||     9
  Eat: Chunk             |       |     3 |     7 |    17 ||    27
       Bread ration      |       |       |     2 |     2 ||     4
Armor: Scale mail        |    28 |    30 |    81 |   150 ||   289
Dodge: Dodged            |     8 |    19 |    85 |   171 ||   283
Block: Shield            |    10 |       |       |       ||    10
       Large shield      |    20 |    75 |   349 |   850 ||  1294
